 Dungeon Crawl Stone Soup version 0.29-a0-359-g541a27f54d (webtiles) character file.

Game seed: 3192355244962390932

267 Zeldest the Ruffian (level 6, -4/59 HPs)
             Began as a Troll Transmuter on Apr 28, 2022.
             Was a Follower of Cheibriados.
             Slain by Edmund
             ... wielding a +3 flail of protection
              (6 damage)
             ... on level 4 of the Dungeon.
             The game lasted 00:04:10 (744 turns).

Zeldest the Ruffian (Troll Transmuter)               Turns: 744, Time: 00:04:10

Health: -4/59      AC:  5    Str: 22    XL:     6   Next: 0%
Magic:  15/15      EV: 10    Int: 16    God:    Cheibriados [*.....]
Gold:   121        SH:  0    Dex: 13    Spells: 6/7 levels left

rFire   . . .      SeeInvis .     - Unarmed
rCold   + . .      Faith    +   (no shield)
rNeg    . . .      Spirit   .   a - +0 robe
rPois   .          Reflect  .   (helmet restricted)
rElec   .          Harm     .   d - +0 cloak
rCorr   .          Rampage  .   (gloves unavailable)
Will    .....                   (boots unavailable)
Stlth   +.........              f - amulet of faith
HPRegen 0.99/turn               i - ring of magical power
MPRegen 0.14/turn               k - ring of protection from cold

@: flying, very slow
A: large, unfitting armour, claws 3, regeneration 1, shaggy fur 1, tough skin 1,
clever 1
a: Renounce Religion, Bend Time


You were on level 4 of the Dungeon.
You worshipped Cheibriados.
Cheibriados was aware of your devotion.
You visited 1 branch of the dungeon, and saw 4 of its levels.

You collected 121 gold pieces.

Inventory:

Armour
 a - a +0 robe (worn)
 d - a +0 cloak (worn)
Jewellery
 f - an amulet of faith (around neck)
 g - a ring of flight
 i - a ring of magical power (left claw)
 k - a ring of protection from cold (right claw)
Scrolls
 e - 7 scrolls of identify {unknown}
 h - a scroll of blinking {unknown}
 j - a scroll of immolation {unknown}
 q - a scroll of fear {unknown}
 r - a scroll of fog {unknown}
Potions
 b - a potion of lignification
 c - a potion of might {unknown}
 l - a potion of mutation
 m - a potion of berserk rage {unknown}
 n - a potion of flight
 o - a potion of curing {unknown}
 p - a potion of degeneration {unknown}


   Skills:
 + Level 2.7 Fighting
 - Level 1.5 Dodging
 + Level 4.4 Unarmed Combat
 - Level 1.2 Spellcasting
 + Level 1.0 Summonings
 - Level 2.5 Transmutations
 + Level 1.2 Invocations


You had 6 spell levels left.
You knew the following spells:

 Your Spells              Type           Power      Damage    Failure   Level
a - Beastly Appendage     Tmut           18%        N/A       8%          1

Your spell library contained the following spells:

 Spells                   Type           Power      Damage    Failure   Level
 Wereblood                Tmut           9%         N/A       12%         2
 Spider Form              Tmut/Pois      5%         N/A       38%         3
 Dazzling Flash           Conj/Hex       0%         N/A       56%         3
 Ice Form                 Ice/Tmut       5%         N/A       80%         4
 Summon Ice Beast         Ice/Summ       2%         N/A       88%         4
 Iskenderun's Mystic Bla  Conj/Tloc      0%         2d3       92%         4
 Summon Mana Viper        Hex/Summ       2%         N/A       99%         5
 Starburst                Conj/Fire      0%         6d3       100%        6
 Monstrous Menagerie      Summ           2%         N/A       100%        7


Dungeon Overview and Level Annotations

Branches:
Dungeon (4/15)
 Temple: D:4-7

Altars:
Cheibriados

Annotations:
D:4 Edmund


Innate Abilities, Weirdness & Mutations

You are too large for most types of armour.
You have claws for hands.
Your natural rate of healing is unusually fast.
You are covered in fur. (AC +1)
You have tough skin. (AC +1)
Your mind is acute. (Int +2)


Message History

Your Summonings skill increases to level 1!
You have reached level 6!
You feel stronger.
You scratch the ball python.
The ball python is moderately wounded.
The ball python closely misses you.
You claw the ball python!
You kill the ball python!
Cheibriados appreciates the change of pace.
Found 12 gold pieces.
You now have 109 gold pieces (gained 17).
You now have 121 gold pieces (gained 12).
You open the door.
There is an open door here.
As you open the door, it creaks loudly!
You hear a shout!
Found a quarterstaff.
Edmund the Younger comes into view.
He is wielding a +3 flail of protection and wearing a +1 ring mail of cold resistance.
There is an open door here.
You aren't carrying any items that you can evoke.
It was a potion of mutation.
You feel extremely strange.
You feel clever.
Edmund says, "I'm quite good with sums, too."
Edmund drinks a potion.
Edmund flickers and vanishes!
Deactivating autopickup; reactivate with Ctrl-A.
Okay, then.
Something hits you. x2
You completely miss something. You scratch something but do no damage.
Something hits you.
You closely miss something. Something hits you!
You miss something. You claw something. Something hits you!
* * * LOW HITPOINT WARNING * * *
You scratch something but do no damage. Something hits you.
* * * LOW HITPOINT WARNING * * *
You claw something! Something hits you!
* * * LOW HITPOINT WARNING * * *
You aren't carrying any items that you can evoke.
It was a potion of flight.
You feel very buoyant.
You fly up into the air.
Something hits you.
You die...

####### #.....# #.....#
##### #.....# #...#
#.....#
######...####.....#
.......@.'..'.....#
.........####.....#
.........# #.....#
.........# #.....## #
...).....# ######..#####
........................
......############..###.
###### ##.###. #.)...


There were no monsters in sight!

Vanquished Creatures
  An ogre (D:4)
  A phantom (D:3)
  An iguana (D:4)
  4 adders
  3 worms
  A dart slug (D:3)
  3 orcs (D:4)
  3 endoplasms
  2 giant cockroaches
  3 goblins
  3 hobgoblins
  4 kobolds
  3 quokkas
  4 ball pythons
  3 bats
  A frilled lizard (D:3)
40 creatures vanquished.

Notes
Turn   | Place    | Note
-------+----------+-------------------------------------------
     0 | D:1      | Zeldest the Troll Transmuter began the quest for the Orb.
     0 | D:1      | Reached XP level 1. HP: 18/18 MP: 1/1
    42 | D:1      | You fall into a shaft and drop 1 floor!
   143 | D:2      | Reached skill level 1 in Fighting
   166 | D:3      | Reached XP level 2. HP: 27/27 MP: 2/2
   266 | D:2      | Found a snail-covered altar of Cheibriados.
   273 | D:2      | Became a worshipper of Cheibriados the Contemplative
   318 | D:2      | Reached XP level 3. HP: 33/33 MP: 3/3
   469 | D:3      | Reached * piety under Cheibriados
   508 | D:3      | Noticed a phantom
   514 | D:3      | Killed a phantom
   515 | D:3      | Reached skill level 4 in Unarmed Combat
   515 | D:3      | Reached XP level 4. HP: 36/42 MP: 4/4
   558 | D:3      | Reached XP level 5. HP: 41/49 MP: 5/5
   693 | D:4      | Noticed an ogre
   705 | D:4      | Killed an ogre
   706 | D:4      | Reached skill level 1 in Invocations
   712 | D:4      | Reached skill level 1 in Summonings
   712 | D:4      | Reached XP level 6. HP: 6/59 MP: 6/6
   732 | D:4      | Noticed Edmund
   734 | D:4      | Gained mutation: Your mind is acute. (Int +2) [potion of
                  | mutation]
   743 | D:4      | HP: 1/59 [something (10)]
   744 | D:4      | Slain by Edmund

Illustrated notes

Levels and vault maps discovered:
D:1:      dpeg_arrival_arbitrary_c, layout_loops_ring,
          shapermc_ecumenical_altar_venn, minmay_pentomino_z2
D:2:      layout_basic, basic_altar
D:3:      layout_loops_ring, chequers_serial_rivers_marsh,
          chequers_serial_rivers_micro_c
D:4:      layout_basic, minmay_lizard_king, uniq_ijyb, uniq_edmund

Skill      XL: |  1  2  3  4  5 |
---------------+----------------+-----
Fighting       | 1 2 |  2.7
Transmutations | 2 |  2.5
Unarmed Combat | 4 |  4.4
Invocations    | 1 |  1.2
Summonings     | 1 |  1.0
Dodging        | |  1.5
Spellcasting   | |  1.2

Action                   |  1- 3 |  4- 6 || total
-------------------------+-------+-------++-------
Melee: Unarmed           |    83 |    47 ||   130
       Punch             |     1 |     1 ||     2
       Headbutt          |       |     1 ||     1
 Cast: Beastly Appendage |       |     1 ||     1
  Use: Potion            |       |     2 ||     2
 Stab: Sleeping          |       |     2 ||     2
Armor: Robe              |    33 |     8 ||    41
Dodge: Dodged            |    38 |    30 ||    68

Table legend: (Time is in decaauts)
 A = Elapsed time spent in this place.
 B = Non-inter-level travel time spent in this place.
 C = Inter-level travel time spent in this place.
 D = Time resting spent in this place.
 E = Time spent auto-exploring this place.
 F = Levels seen in this place.
 G = Mean time per level.
                   A        B        C        D        E       F      G
               +--------+--------+--------+--------+--------+-----+--------+
         Total |    856 |    850 |      6 |      0 |      0 |   4 |  214.0 |
       Dungeon |    856 |    850 |      6 |      0 |      0 |   4 |  214.0 |
               +--------+--------+--------+--------+--------+-----+--------+

Top non-repeatable levels by time:
     D:2: 297 daAuts
     D:3: 251 daAuts
     D:4: 220 daAuts
     D:1: 87 daAuts
